 Dungeon Crawl Stone Soup version 0.24-a0-340-g6f6d0e6 (webtiles) character file.

Game seed: 2388372071171639347

4368 Spazmo the Thaumaturge (level 10, -9/50 HPs)
             Began as a Deep Elf Fire Elementalist on May 17, 2019.
             Was a Follower of Vehumet.
             Shot with a sling bullet by Joseph (19 damage)
             ... on level 8 of the Dungeon on May 20, 2019.
             The game lasted 00:25:51 (6396 turns).

Spazmo the Thaumaturge (Deep Elf Fire Elementalist) Turns: 6396, Time: 00:25:52

Health: -9/50      AC:  4    Str:  5    XL:     10   Next: 13%
Magic:  8/26       EV: 13    Int: 24    God:    Vehumet [*.....]
Gold:   579        SH:  0    Dex: 15    Spells: 13/29 levels left

rFire    . . .     SeeInvis .   z - +2 whip (elec)
rCold    + . .     Gourm    .   (no shield)
rNeg     . . .     Faith    .   a - +0 robe
rPois    .         Spirit   .   (no helmet)
rElec    .         Reflect  .   i - +0 cloak
rCorr    .         Harm     .   b - +0 pair of gloves
MR       +....     Rnd*Tele +   (no boots)
Stlth    ++........             (no amulet)
HPRegen  0.16/turn              n - ring of protection from cold
MPRegen  0.20/turn              D - ring of teleportation (curse)

@: no status effects
A: no striking features
a: Renounce Religion


You were on level 8 of the Dungeon.
You worshipped Vehumet.
Vehumet was aware of your devotion.
You were not hungry.

You visited 2 branches of the dungeon, and saw 9 of its levels.

You collected 579 gold pieces.

Inventory:

Hand Weapons
 z - a +2 whip of electrocution (weapon)
Missiles
 d - 144 stones (quivered)
Armour
 a - a +0 robe (worn)
 b - a +0 pair of gloves (worn)
 i - a +0 cloak (worn)
Jewellery
 e - an uncursed ring of protection from cold
 n - a ring of protection from cold (left hand)
 D - a cursed ring of teleportation (right hand)
Wands
 k - a wand of random effects (24)
 t - a wand of iceblast (10)
 w - a wand of acid (7)
 x - a wand of disintegration (19)
Scrolls
 g - 6 scrolls of identify
 j - 4 scrolls of blinking
 m - 2 scrolls of magic mapping
 r - 2 scrolls of teleportation
 s - a scroll of fear
 y - a scroll of fog
Potions
 f - a potion of might {unknown}
 h - a potion of resistance
 l - a potion of invisibility
 o - 5 potions of heal wounds
 p - a potion of brilliance
 q - a potion of mutation {unknown}
 u - a potion of magic
 v - a potion of agility {unknown}
 A - a potion of curing
Comestibles
 c - 13 rations
 B - 2 chunks of flesh


   Skills:
 - Level 0.1 Fighting
 - Level 3.0 Dodging
 - Level 3.0 Stealth
 - Level 10.0 Spellcasting
 - Level 10.0 Conjurations
 - Level 10.0 Fire Magic
 + Level 0.7 Earth Magic


You had 13 spell levels left.
You knew the following spells:

 Your Spells              Type           Power        Failure   Level  Hunger
a - Flame Tongue          Conj/Fire      #####        1%          1    None
b - Throw Flame           Conj/Fire      ######       1%          2    None
c - Conjure Flame         Conj/Fire      ######..     1%          3    None
d - Sticky Flame          Conj/Fire      ######..     1%          4    #......
e - Fireball              Conj/Fire      ######....   2%          5    ####...
f - Sandblast             Erth           ###...       3%          1    None

Your spell library contained the following spells:

 Spells                   Type           Power        Failure   Level  Hunger
 Inner Flame              Hex/Fire       #####...     1%          3    None


Dungeon Overview and Level Annotations

Branches:
Dungeon (8/15)             Temple (1/1) D:6
   Lair: D:8-11

Altars:
Ashenzari
Cheibriados
Dithmenos
Elyvilon
Fedhas
Gozag
Hepliaklqana
Kikubaaqudgha
Makhleb
Nemelex Xobeh
Okawaru
Qazlal
Ru
Sif Muna
Trog
Vehumet
Xom
Zin
The Shining One

Annotations:
D:8 Joseph


Message History

Casting: Sandblast (safe; 3% risk of failure)
Confirm with . or Enter, or press ? or * to list all spells.
Aiming: Sandblast (safe; 3% risk of failure)
Press: ? - help, Shift-Dir - straight line, f/p - Joseph
Aim: Joseph, wielding a +0 hunting sling, wearing a +0 leather armour and carrying a wand of iceblast (7) (severely wounded)
The blast of sand hits Joseph!
Joseph is almost dead.
d - 145 stones Joseph shoots a sling bullet.
The sling bullet hits you!
* * * LOW HITPOINT WARNING * * *
Casting: Sandblast (safe; 3% risk of failure)
Confirm with . or Enter, or press ? or * to list all spells.
Aiming: Sandblast (safe; 3% risk of failure)
Press: ? - help, Shift-Dir - straight line, f/p - Joseph
Aim: Joseph, wielding a +0 hunting sling, wearing a +0 leather armour and carrying a wand of iceblast (7) (almost dead)
The blast of sand hits Joseph.
Joseph is almost dead.
d - 144 stones Joseph shoots a sling bullet.
The sling bullet hits you!!
You die...

#.....# #.....# #..)..#
#.....# #.....# ###.###
#.######.#
#......(.#######
......####@........ ####
#.# #.####..###..## #..
... .....#..###..## #.#
#.# #.##..@........
#.#####.#
#.......###..##
.....##.########.)###..#
#.##.#...# #.......#
..##.)...# #...#####
.........# #...#


You could see Joseph.

Vanquished Creatures
  Pikel (D:6)
  A hornet (D:5)
  Grinder (D:5)
  Sigmund (D:4)
  A wyvern (D:7)
  Grum (D:8)
  Menkaure (D:5)
  3 sky beasts
  A phantom (D:4)
  4 wolves (D:8)
  2 ogres
  5 centaurs
  3 bullfrogs
  4 scorpions
  A wyvern skeleton (D:8)
  5 wights (D:8)
  6 electric eels (D:5)
  A howler monkey (D:6)
  A crimson imp (D:6)
  3 centaur skeletons
  A jelly (D:6)
  An orc priest (D:6)
  2 hounds
  Jessica (D:2)
  4 orc wizards
  An iguana (D:6)
  4 worker ants
  A hound skeleton (D:4)
  2 gnolls (D:4)
  15 adders
  2 shadow imps
  2 oozes
  A worm (D:2)
  A dart slug (D:1)
  2 leopard geckos
  16 orcs
  6 giant cockroaches
  7 goblins
  7 hobgoblins
  5 jackals
  2 quokkas
  2 ball pythons
  10 bats
  10 frilled lizards
  A jackal skeleton (D:5)
  5 kobolds
  2 quokka skeletons
  9 rats
168 creatures vanquished.

Notes
Turn   | Place    | Note
-------+----------+-------------------------------------------
     0 | D:1      | Spazmo the Deep Elf Fire Elementalist began the quest for
                  | the Orb.
     0 | D:1      | Reached XP level 1. HP: 10/10 MP: 6/6
   117 | D:1      | Reached XP level 2. HP: 15/15 MP: 2/8
   121 | D:1      | Learned a level 2 spell: Throw Flame
   464 | D:1      | Reached XP level 3. HP: 12/19 MP: 4/9
   473 | D:1      | Learned a level 3 spell: Conjure Flame
  1323 | D:2      | Upgraded the game from 0.24-a0-333-g864f2b5 to
                  | 0.24-a0-335-g06ca16a
  1324 | D:2      | Reached XP level 4. HP: 23/24 MP: 2/11
  1336 | D:2      | Learned a level 4 spell: Sticky Flame
  1403 | D:2      | Noticed Jessica
  1409 | D:2      | Killed Jessica
  1873 | D:3      | Reached XP level 5. HP: 28/28 MP: 6/13
  1890 | D:3      | Found a shimmering altar of Xom.
  1958 | D:3      | Found an opulent altar of Gozag.
  2132 | D:4      | Found an iron altar of Okawaru.
  2166 | D:4      | Noticed Sigmund
  2176 | D:4      | Killed Sigmund
  2176 | D:4      | Reached skill level 5 in Spellcasting
  2176 | D:4      | Reached skill level 5 in Fire Magic
  2176 | D:4      | Reached XP level 6. HP: 32/32 MP: 6/16
  2183 | D:4      | Learned a level 5 spell: Fireball
  2582 | D:4      | Noticed a sky beast
  2591 | D:4      | Killed a sky beast
  2591 | D:4      | Reached XP level 7. HP: 36/36 MP: 11/18
  2844 | D:5      | Entered Level 5 of the Dungeon
  2858 | D:5      | Reached skill level 5 in Conjurations
  2945 | D:5      | Noticed Grinder
  2967 | D:5      | Killed Grinder
  3116 | D:5      | Reached XP level 8. HP: 28/41 MP: 15/21
  3139 | D:5      | Noticed a hornet
  3201 | D:5      | Killed a hornet
  3633 | D:5      | Noticed Menkaure
  3639 | D:5      | Killed Menkaure
  4078 | D:6      | Found a glowing golden altar of the Shining One.
  4115 | D:6      | Reached XP level 9. HP: 32/45 MP: 14/24
  4201 | D:6      | Upgraded the game from 0.24-a0-335-g06ca16a to
                  | 0.24-a0-340-g6f6d0e6
  4470 | D:6      | Found a stormy altar of Qazlal.
  4474 | D:6      | Found a snail-covered altar of Cheibriados.
  4527 | D:6      | Found a staircase to the Ecumenical Temple.
  4541 | Temple   | Entered the Ecumenical Temple
  4597 | Temple   | Became a worshipper of Vehumet
  4643 | D:6      | Noticed Pikel
  4659 | D:6      | Killed Pikel
  4659 | D:6      | Reached skill level 10 in Spellcasting
  4810 | D:6      | Found a burning altar of Makhleb.
  5525 | D:7      | Found a hazy altar of Hepliaklqana.
  5597 | D:8      | Noticed Joseph
  5764 | D:8      | Noticed Grum
  5984 | D:8      | Reached skill level 10 in Fire Magic
  5984 | D:8      | Reached XP level 10. HP: 21/50 MP: 4/26
  5984 | D:8      | Killed Grum
  6316 | D:8      | Reached skill level 10 in Conjurations
  6318 | D:8      | Reached * piety under Vehumet
  6318 | D:8      | Offered knowledge of Sandblast by Vehumet.
  6321 | D:8      | Learned a level 1 spell: Sandblast
  6396 | D:8      | Shot with a sling bullet by Joseph

Levels and vault maps discovered:
D:1:      nicolae_arrival_memento_mori, layout_basic, minmay_octomino_c4
D:2:      layout_loops_ring, uniq_jessica
D:3:      layout_rooms, lemuel_doored_altar,
          nicolae_gozag_cash_rules_everything_around_me
D:4:      layout_loops_ring, serial_forest, infiniplex_forest_corner_2,
          infiniplex_forest_clump_small, infiniplex_forest_end_2,
          infiniplex_forest_clump_curved, infiniplex_forest_clump_tiny,
          infiniplex_forest_lined_ring, infiniplex_forest_clump_small,
          infiniplex_forest_clump_C, infiniplex_forest_straight_1,
          okawaru_metal_pillars_1_2, uniq_sigmund
D:5:      cheibrodos_two_vegetables, layout_loops_ring, first_ration,
          uniq_grinder, uniq_menkaure
D:6:      layout_loops_ring, nicolae_overflow_hidden_temple, tso_metal_star,
          gammafunk_temple_overflow_wave, minmay_temple_entry_drinking_statues,
          corexii_shack, uniq_pikel
D:7:      layout_loops_ring, overflow_temple_1_default, minmay_misc_feat_alley
D:8:      layout_loops_cross, uniq_joseph, uniq_grum
Temple:   nicolae_temple_elliptical

Skill      XL: |  1  2  3  4  5  6  7  8  9 10 |
---------------+-------------------------------+-----
Stealth        | 3 |  3.0
Dodging        | 3 |  3.0
Conjurations   | 2 3 4 5 7 9 10 | 10.0
Spellcasting   | 4 5 6 7 9 10 | 10.0
Fire Magic     | 4 5 6 8 10 | 10.0
Fighting       | |  0.1
Earth Magic    | |  0.7

Action                   |  1- 3 |  4- 6 |  7- 9 | 10-12 || total
-------------------------+-------+-------+-------+-------++-------
Melee: Short sword       |       |       |    46 |       ||    46
       Whip              |       |       |    14 |       ||    14
Throw: Stone             |    10 |    10 |     2 |       ||    22
 Cast: Flame Tongue      |    67 |    79 |   138 |    11 ||   295
       Throw Flame       |       |     2 |    30 |     3 ||    35
       Sticky Flame      |       |     1 |    22 |     1 ||    24
       Conjure Flame     |       |       |     2 |       ||     2
       Fireball          |       |       |     7 |     4 ||    11
       Sandblast         |       |       |       |     4 ||     4
  Use: Scroll            |     4 |     3 |     3 |       ||    10
       Potion            |     1 |       |     5 |       ||     6
 Stab: Sleeping          |       |       |     1 |       ||     1
  Eat: Chunk             |     1 |     4 |    13 |       ||    18
       Ration            |       |       |       |     1 ||     1
Armor: Robe              |     2 |     3 |    21 |     1 ||    27
Dodge: Dodged            |    13 |    11 |    84 |     4 ||   112

Table legend:
 A = Non-vault XP
 B = Vault XP
 C = Vault XP percentage of total XP
 D = Non-vault monster count
 E = Vault monster count
 F = Vault count percentage of total count
                 A         B        C        D         E       F
            +---------+---------+-------+---------+---------+-------
      Total |    3714 |    2527 |  40.5 |     144 |      24 |  14.3
            +---------+---------+-------+---------+---------+-------
        D:1 |      48 |       6 |  11.1 |      25 |       5 |  16.7
        D:2 |      51 |      37 |  42.0 |      18 |       1 |   5.3
        D:3 |      64 |       0 |   0.0 |      16 |       0 |   0.0
        D:4 |     524 |     238 |  31.2 |      19 |       1 |   5.0
        D:5 |     789 |     929 |  54.1 |      21 |      10 |  32.3
        D:6 |     825 |     654 |  44.2 |      17 |       2 |  10.5
        D:7 |     751 |       0 |   0.0 |      10 |       0 |   0.0
        D:8 |     662 |     663 |  50.0 |      18 |       5 |  21.7
            +---------+---------+-------+---------+---------+-------
